Canucks vs Stars
Created - 21 janvier 2013 at 19:05
Goals
|
| Canucks |
1 |
1 |
4 |
6 |
| Stars |
0 |
3 |
1 |
4 |
|
Shots
|
| Canucks |
6 |
11 |
16 |
33 |
| Stars |
11 |
11 |
6 |
28 |
|
1st period
1. Canucks , Daniel Paille 4 (David Jones, Mark Streit) at 19:43
Penalties :
Janne Niskala (Van) for Hooking (Minor) at 1:57, Scott Niedermayer (Van) for Goalie Interference (Minor) at 9:12
2nd period
2. Stars , David Legwand 10 (Marcus Nilson, Mathieu Schneider) at 8:22
3. Canucks , Jiri Hudler 14 (Fabian Brunnstrom, Jonas Hoglund) at 11:26 (PP)
4. Stars , David Legwand 11 (Brendan Bell, Marcus Nilson) at 13:19
5. Stars , Mathieu Schneider 5 (Mike Modano) at 19:25 (PP)
Penalties :
Matt Stajan (Van) for Interference (Minor) at 0:13, Alexei Kovalev (Dal) for Tripping (Minor) at 10:40, Daniel Paille (Van) for Cross-checking (Minor) at 19:14
3rd period
6. Canucks , Clarke MacArthur 10 (Jaromir Jagr, Scott Niedermayer) at 0:37
7. Stars , Marcus Nilson 7 (David Legwand, Nathan Horton) at 8:17
8. Canucks , Clarke MacArthur 11 (Jaromir Jagr, Scott Niedermayer) at 10:08
9. Canucks , Adam Burish 2 (Clarke MacArthur, Chris Campoli) at 11:12
10. Canucks , Jaromir Jagr 14 (Scott Niedermayer, Mark Streit) at 19:55 (Empty Net)
Penalties :
Marcus Nilson (Dal) for Hooking (Minor) at 3:47, Chris Campoli (Van) for Hooking (Minor) at 3:47, Patrik Elias (Dal) for Tripping (Minor) at 9:26, Matt Stajan (Van) for High sticking (Minor) at 9:26, Brad Isbister (Dal) for Interference (Minor) at 17:06, Jonas Hoglund (Van) for Hooking (Minor) at 17:06
Goalie Stats
Carey Price (Van), 24 saves from 28 shots - (0,857), W, 17-7-2, 60:00 minutes
Miika Kiprusoff (Dal), 27 saves from 32 shots - (0,844), L, 10-13-2, 59:31 minutes
Players Stats for Canucks
Player Name G A P +/- PIM S H SB GA TA FO MP PP MP PK MP
------------------------------------------------------------------------------------
Adam Burish 1 0 1 2 0 2 3 0 0 1 0/1 9:18 0:00 0:00
Chris Campoli 0 1 1 0 2 1 0 3 0 3 0/0 19:13 0:07 2:56
Clarke MacArthur 2 1 3 3 0 7 0 1 1 0 0/1 19:58 0:33 2:43
Craig Rivet 0 0 0 0 0 3 0 1 2 0 0/0 20:37 0:07 2:54
Daniel Paille 1 0 1 0 2 2 1 0 0 0 0/0 12:15 0:00 0:33
David Jones 0 1 1 1 0 1 1 0 0 0 0/0 10:22 0:00 0:00
Erik Christensen 0 0 0 0 0 0 0 0 0 0 0/2 4:26 0:00 0:06
Fabian Brunnstrom 0 1 1 -2 0 0 0 0 1 0 1/2 14:30 0:13 0:00
Janne Niskala 0 0 0 0 2 1 0 1 0 1 0/0 11:02 0:00 0:51
Jaromir Jagr 1 2 3 2 0 5 1 0 1 0 10/17 28:06 0:33 3:11
Jiri Hudler 1 0 1 -2 0 2 1 0 0 0 6/14 14:33 0:13 0:00
Johnny Boychuk 0 0 0 0 0 0 0 1 0 0 0/0 11:39 0:00 0:00
Jonas Hoglund 0 1 1 -1 2 2 3 0 1 2 0/0 22:21 0:13 3:09
Mark Streit 0 2 2 2 0 2 3 3 1 1 0/0 29:21 0:39 3:25
Matt Stajan 0 0 0 1 4 1 2 1 0 0 14/32 17:37 0:33 1:10
Rickard Wallin 0 0 0 0 0 2 0 2 0 1 0/9 13:47 0:00 1:24
Scott Niedermayer 0 3 3 2 2 2 0 0 2 1 0/0 28:14 0:39 2:10
Sheldon Keefe 0 0 0 0 0 0 0 0 0 0 0/0 0:29 0:00 0:00
Players Stats for Stars
Player Name G A P +/- PIM S H SB GA TA FO MP PP MP PK MP
------------------------------------------------------------------------------------
Alexei Kovalev 0 0 0 -5 2 5 3 1 1 0 1/1 20:43 3:17 0:00
Brad Isbister 0 0 0 0 2 2 1 0 0 0 0/0 10:15 0:00 0:00
Branislav Mezei 0 0 0 -1 0 0 2 1 0 1 0/0 18:34 2:08 0:00
Brendan Bell 0 1 1 1 0 0 2 2 0 0 0/0 9:49 0:00 0:00
David Legwand 2 1 3 3 0 3 5 0 1 2 6/10 21:07 2:51 0:46
Evgeny Artyukhin 0 0 0 0 0 2 0 0 0 0 1/1 9:46 0:00 0:00
Filip Novak 0 0 0 -2 0 0 2 4 1 0 0/0 31:37 4:00 0:46
Glen Metropolit 0 0 0 0 0 1 0 0 2 0 3/5 8:33 0:10 0:00
Ivan Majesky 0 0 0 1 0 0 0 0 0 1 0/0 9:49 0:00 0:00
Jan Hlavac 0 0 0 0 0 0 1 0 1 0 1/2 7:14 0:00 0:00
Marcus Nilson 1 2 3 3 2 3 1 0 0 0 1/2 15:32 2:51 0:00
Mark Parrish 0 0 0 0 0 0 1 0 0 0 0/1 7:14 0:00 0:00
Mathieu Schneider 1 1 2 -2 0 3 4 2 0 0 0/0 31:37 4:00 0:46
Mike Modano 0 1 1 -3 0 4 3 0 0 2 30/49 25:23 3:07 0:46
Nathan Horton 0 1 1 3 0 1 1 0 0 1 0/1 14:59 2:51 0:00
Patrik Elias 0 0 0 -3 2 2 0 1 3 1 1/2 21:02 3:07 0:00
Randy Jones 0 0 0 -1 0 0 1 1 0 1 0/0 18:34 2:08 0:00
Steve Rucchin 0 0 0 -2 0 2 1 0 1 0 3/4 11:25 0:10 0:00
3 Stars
1 - David Legwand (Dal)
2 - Clarke MacArthur (Van)
3 - Jaromir Jagr (Van)
Power Play
Canucks - 1 on 1 Attempt(s) - 100,00%
Stars - 1 on 4 Attempt(s) - 25,00%
Penalty Kill
Canucks - 3 on 4 Attempt(s) - 75,00%
- Score 0 goal in Penalty Kill
Stars - 0 on 1 Attempt(s) - 0,00%
- Score 0 goal in Penalty Kill
Official
Referees : Marouelli Dan and VanMassenhoven Don
Linesman : Mike Cvik and Pierre Champoux
Game Notes
David Jones is injured at 6:38 of 3rd period (Left Eye)
Jaromir Jagr has scored in a empty net!
Finance
Level 1 -- Attendance: 3999 (66,65%) -- Ticket Income 399 900 $
Level 2 -- Attendance: 3732 (74,64%) -- Ticket Income 223 920 $
Level 3 -- Attendance: 1417 (70,85%) -- Ticket Income 49 595 $
Level 4 -- Attendance: 3436 (85,90%) -- Ticket Income 68 720 $
Luxury Box -- Attendance: 736 (73,60%) -- Ticket Income 147 200 $
Game was played at the American Airlines Center
Total Attendance: 13320 (74,00%)
Total Ticket Income: 889 335 $
Total Income: 889 335 $
Canucks
5 vs 5 Forward
Center Left Wing Right Wing Time % Phy DF OF
1 Matt Stajan Clarke MacArthur Jaromir Jagr 40 1 2 2
2 Jiri Hudler Fabian Brunnstrom Jonas Hoglund 30 1 2 2
3 Rickard Wallin Daniel Paille David Jones 20 1 2 2
4 Erik Christensen Jaromir Jagr Adam Burish 10 1 2 2
5 vs 5 Defense
Defense Defense Time % Phy DF OF
1 Scott Niedermayer Mark Streit 40 1 2 2
2 Craig Rivet Chris Campoli 30 1 2 2
3 Johnny Boychuk Janne Niskala 20 1 2 2
4 Scott Niedermayer Mark Streit 10 1 2 2
PowerPlay Forward
Center Left Wing Right Wing Time % Phy DF OF
1 Matt Stajan Clarke MacArthur Jaromir Jagr 60 1 2 2
2 Jiri Hudler Fabian Brunnstrom Jonas Hoglund 40 1 2 2
PowerPlay Defense
Defense Defense Time % Phy DF OF
1 Scott Niedermayer Mark Streit 60 1 2 2
2 Craig Rivet Chris Campoli 40 1 2 2
Penalty Kill 4 Players Forward
Center Wing Time % Phy DF OF
1 Jaromir Jagr Jonas Hoglund 60 1 2 2
2 Clarke MacArthur Matt Stajan 40 1 2 2
Penalty Kill 4 Players Defense
Defense Defense Time % Phy DF OF
1 Scott Niedermayer Mark Streit 60 1 2 2
2 Craig Rivet Chris Campoli 40 1 2 2
Penalty Kill - 3 Players Forward
Forward Time % Phy DF OF
1 Jaromir Jagr 60 1 2 2
2 Jonas Hoglund 40 1 2 2
Penalty Kill - 3 Players Defense
Defense Defense Time % Phy DF OF
1 Scott Niedermayer Mark Streit 60 1 2 2
2 Craig Rivet Chris Campoli 40 1 2 2
4 vs 4 Forward
Center Wing Time % Phy DF OF
1 Jaromir Jagr Jonas Hoglund 60 1 2 2
2 Clarke MacArthur Matt Stajan 40 1 2 2
4 vs 4 Defense
Defense Defense Time % Phy DF OF
1 Scott Niedermayer Mark Streit 60 1 2 2
2 Craig Rivet Chris Campoli 40 1 2 2
Last Minutes Offensive
Center Left Wing Right Wing Defense Defense
Matt Stajan Clarke MacArthur Jaromir Jagr Scott Niedermayer Mark Streit
Last Minutes Defensive
Center Left Wing Right Wing Defense Defense
Matt Stajan Clarke MacArthur Jaromir Jagr Scott Niedermayer Mark Streit
Goaltenders
Starting : Carey Price
Backup : Mike McKenna
Extra Forwards
Normal : David Jones, Adam Burish, Rickard Wallin - PP : David Jones, Adam Burish - PK : Rickard Wallin
Extra Defensemen
Normal : Johnny Boychuk, Janne Niskala, Craig Rivet - PP : Johnny Boychuk - PK : Janne Niskala, Craig Rivet
Penalty Shots
Jaromir Jagr, Jonas Hoglund, Clarke MacArthur, Matt Stajan, Jiri Hudler
Stars
5 vs 5 Forward
Center Left Wing Right Wing Time % Phy DF OF
1 Mike Modano Patrik Elias Alexei Kovalev 40 1 2 2
2 David Legwand Marcus Nilson Nathan Horton 30 1 2 2
3 Steve Rucchin Brad Isbister Evgeny Artyukhin 20 1 2 2
4 Glen Metropolit Jan Hlavac Mark Parrish 10 1 2 2
5 vs 5 Defense
Defense Defense Time % Phy DF OF
1 Mathieu Schneider Filip Novak 40 1 2 2
2 Branislav Mezei Randy Jones 30 1 2 2
3 Brendan Bell Ivan Majesky 20 1 2 2
4 Mathieu Schneider Filip Novak 10 1 2 2
PowerPlay Forward
Center Left Wing Right Wing Time % Phy DF OF
1 Mike Modano Patrik Elias Alexei Kovalev 60 1 2 2
2 David Legwand Marcus Nilson Nathan Horton 40 1 2 2
PowerPlay Defense
Defense Defense Time % Phy DF OF
1 Mathieu Schneider Filip Novak 60 1 2 2
2 Branislav Mezei Randy Jones 40 1 2 2
Penalty Kill 4 Players Forward
Center Wing Time % Phy DF OF
1 Mike Modano David Legwand 60 1 2 2
2 Alexei Kovalev Patrik Elias 40 1 2 2
Penalty Kill 4 Players Defense
Defense Defense Time % Phy DF OF
1 Mathieu Schneider Filip Novak 60 1 2 2
2 Branislav Mezei Randy Jones 40 1 2 2
Penalty Kill - 3 Players Forward
Forward Time % Phy DF OF
1 Mike Modano 60 1 2 2
2 David Legwand 40 1 2 2
Penalty Kill - 3 Players Defense
Defense Defense Time % Phy DF OF
1 Mathieu Schneider Filip Novak 60 1 2 2
2 Branislav Mezei Randy Jones 40 1 2 2
4 vs 4 Forward
Center Wing Time % Phy DF OF
1 Mike Modano David Legwand 60 1 2 2
2 Alexei Kovalev Patrik Elias 40 1 2 2
4 vs 4 Defense
Defense Defense Time % Phy DF OF
1 Mathieu Schneider Filip Novak 60 1 2 2
2 Branislav Mezei Randy Jones 40 1 2 2
Last Minutes Offensive
Center Left Wing Right Wing Defense Defense
Mike Modano Patrik Elias Alexei Kovalev Mathieu Schneider Filip Novak
Last Minutes Defensive
Center Left Wing Right Wing Defense Defense
Mike Modano Patrik Elias Alexei Kovalev Mathieu Schneider Filip Novak
Goaltenders
Starting : Miika Kiprusoff
Backup : Chris Osgood
Extra Forwards
Normal : Steve Rucchin, Glen Metropolit, Brad Isbister - PP : Steve Rucchin, Glen Metropolit - PK : Brad Isbister
Extra Defensemen
Normal : Brendan Bell, Ivan Majesky, Branislav Mezei - PP : Brendan Bell - PK : Ivan Majesky, Branislav Mezei
Penalty Shots
Mike Modano, David Legwand, Alexei Kovalev, Patrik Elias, Steve Rucchin
% Time on Ice - Canucks
Lines # - Real PCT - Wanted PCT - Time Play
Normal Forward
1 - 37% - 40% - 17:24
2 - 32% - 30% - 14:54
3 - 24% - 20% - 11:32
4 - 7% - 10% - 3:19
Normal Defense
1 - 41% - 40% - 19:20
2 - 33% - 30% - 15:35
3 - 21% - 20% - 10:06
4 - 5% - 10% - 2:08
PP Forward
1 - 72% - 60% - 0:33
2 - 28% - 40% - 0:13
PP Defense
1 - 85% - 60% - 0:39
2 - 15% - 40% - 0:07
PK Forward
1 - 67% - 60% - 4:05
2 - 33% - 40% - 2:03
PK Defense
1 - 58% - 60% - 3:35
2 - 42% - 40% - 2:33
PK3 Forward
1 - 0% - 60%
2 - 0% - 40%
PK3 Defense
1 - 0% - 60%
2 - 0% - 40%
44 Forward
1 - 90% - 60% - 5:22
2 - 10% - 40% - 0:35
44 Defense
1 - 71% - 60% - 4:13
2 - 29% - 40% - 1:44
Last Minute Offensive - 0:00
Last Minute Defensive - 0:00
Total
Forward - 60:00
Defense - 60:00
|
% Time on Ice - Stars
Lines # - Real PCT - Wanted PCT - Time Play
Normal Forward
1 - 38% - 40% - 17:41
2 - 26% - 30% - 12:08
3 - 21% - 20% - 9:46
4 - 15% - 10% - 7:14
Normal Defense
1 - 42% - 40% - 19:43
2 - 31% - 30% - 14:41
3 - 21% - 20% - 9:49
4 - 6% - 10% - 2:36
PP Forward
1 - 54% - 60% - 3:17
2 - 46% - 40% - 2:51
PP Defense
1 - 65% - 60% - 4:00
2 - 35% - 40% - 2:08
PK Forward
1 - 100% - 60% - 0:46
2 - 0% - 40% - 0:00
PK Defense
1 - 100% - 60% - 0:46
2 - 0% - 40% - 0:00
PK3 Forward
1 - 0% - 60%
2 - 0% - 40%
PK3 Defense
1 - 0% - 60%
2 - 0% - 40%
44 Forward
1 - 78% - 60% - 4:38
2 - 22% - 40% - 1:19
44 Defense
1 - 71% - 60% - 4:12
2 - 29% - 40% - 1:45
Last Minute Offensive - 0:20
Last Minute Defensive - 0:00
Total
Forward - 60:00
Defense - 60:00
|
Play by Play
1st period
0:01 of 1st period - Matt Stajan wins face-off versus Mike Modano in neutral zone.
1:00 of 1st period - Icing by Craig Rivet.
1:01 of 1st period - Glen Metropolit wins face-off versus Rickard Wallin in Canucks zone.
1:36 of 1st period - Snap shot by Mike Modano.
1:36 of 1st period - Shot Misses the Net.
1:50 of 1st period - Snap shot by Brad Isbister.
1:50 of 1st period - Stopped by Carey Price with a rebound.
1:52 of 1st period - Slapshot by Steve Rucchin.
1:52 of 1st period - Deflect By Jaromir Jagr.
1:52 of 1st period - Stopped by Carey Price with a rebound.
1:57 of 1st period - Minor Penalty to Janne Niskala for Hooking.
1:58 of 1st period - Jaromir Jagr wins face-off versus Mike Modano in Canucks zone.
2:11 of 1st period - Wrist shot by Alexei Kovalev.
2:11 of 1st period - Shot Misses the Net.
2:13 of 1st period - Snap shot by Alexei Kovalev.
2:13 of 1st period - Shot Hit the Post.
2:38 of 1st period - Jonas Hoglund is hit by Marcus Nilson and loses puck.
3:28 of 1st period - Scott Niedermayer is hit by Alexei Kovalev and loses puck.
3:39 of 1st period - Slapshot by Mark Streit.
3:39 of 1st period - Deflect By Clarke MacArthur.
3:39 of 1st period - Stopped by Miika Kiprusoff without a rebound.
3:40 of 1st period - Marcus Nilson wins face-off versus Rickard Wallin in Stars zone.
3:57 of 1st period - Penalty to Janne Niskala is over, Janne Niskala is back on ice.
4:05 of 1st period - Icing by Jaromir Jagr.
4:06 of 1st period - Jaromir Jagr wins face-off versus Jan Hlavac in Canucks zone.
4:17 of 1st period - Mark Parrish is hit by Jonas Hoglund and loses puck.
4:56 of 1st period - David Legwand is hit by Adam Burish and loses puck.
6:22 of 1st period - Scott Niedermayer is hit by Brad Isbister and loses puck.
6:39 of 1st period - Slapshot by Mark Streit.
6:39 of 1st period - Stopped by Miika Kiprusoff without a rebound.
6:40 of 1st period - David Legwand wins face-off versus Jiri Hudler in Stars zone.
6:53 of 1st period - Jonas Hoglund is hit by Branislav Mezei and loses puck.
7:48 of 1st period - Snap shot by Brendan Bell.
7:48 of 1st period - Shot Misses the Net.
7:50 of 1st period - Slapshot by Ivan Majesky.
7:50 of 1st period - Deflect By Glen Metropolit.
7:50 of 1st period - Shot Blocked by Johnny Boychuk.
7:50 of 1st period - Puck is out of play.
7:51 of 1st period - Mike Modano wins face-off versus Rickard Wallin in Canucks zone.
8:04 of 1st period - Backhand shot by Mike Modano.
8:04 of 1st period - Stopped by Carey Price with a rebound.
8:16 of 1st period - Mathieu Schneider is hit by Mark Streit and loses puck.
8:23 of 1st period - Snap shot by Jiri Hudler.
8:23 of 1st period - Stopped by Miika Kiprusoff with a rebound.
8:26 of 1st period - Icing by Randy Jones.
8:27 of 1st period - Matt Stajan wins face-off versus David Legwand in Stars zone.
8:58 of 1st period - Wrist shot by Marcus Nilson.
8:58 of 1st period - Shot Blocked by Matt Stajan.
9:00 of 1st period - Slapshot by Randy Jones.
9:00 of 1st period - Shot Blocked by Janne Niskala.
9:02 of 1st period - Snap shot by Nathan Horton.
9:02 of 1st period - Stopped by Carey Price without a rebound.
9:03 of 1st period - Jiri Hudler wins face-off versus Mike Modano in Canucks zone.
9:08 of 1st period - Wrist shot by Jiri Hudler.
9:08 of 1st period - Shot Blocked by Filip Novak.
9:11 of 1st period - Icing by Mike Modano.
9:12 of 1st period - Mike Modano wins face-off versus Jiri Hudler in Stars zone.
9:12 of 1st period - Minor Penalty to Scott Niedermayer for Goalie Interference.
9:13 of 1st period - Jaromir Jagr wins face-off versus Mike Modano in Canucks zone.
9:28 of 1st period - Snap shot by Patrik Elias.
9:28 of 1st period - Stopped by Carey Price with a rebound.
11:06 of 1st period - Mark Streit is hit by Mathieu Schneider and loses puck.
11:12 of 1st period - Penalty to Scott Niedermayer is over, Scott Niedermayer is back on ice.
11:51 of 1st period - Wrist shot by Erik Christensen.
11:51 of 1st period - Shot Blocked by Randy Jones.
12:27 of 1st period - Adam Burish is hit by Mike Modano and loses puck.
12:38 of 1st period - Snap shot by Steve Rucchin.
12:38 of 1st period - Stopped by Carey Price without a rebound.
12:39 of 1st period - Steve Rucchin wins face-off versus Fabian Brunnstrom in Canucks zone.
12:50 of 1st period - Wrist shot by Brad Isbister.
12:50 of 1st period - Shot Blocked by Mark Streit.
13:04 of 1st period - Patrik Elias is hit by Mark Streit and loses puck.
13:29 of 1st period - Wrist shot by Jaromir Jagr.
13:29 of 1st period - Stopped by Miika Kiprusoff with a rebound.
13:31 of 1st period - Slapshot by Mark Streit.
13:31 of 1st period - Shot Blocked by Mathieu Schneider.
13:42 of 1st period - Icing by Mathieu Schneider.
13:43 of 1st period - Jiri Hudler wins face-off versus Glen Metropolit in Stars zone.
14:29 of 1st period - Janne Niskala is hit by Nathan Horton and loses puck.
15:08 of 1st period - Fabian Brunnstrom is hit by Brendan Bell and loses puck.
15:23 of 1st period - Backhand shot by Mark Streit.
15:23 of 1st period - Shot Blocked by Patrik Elias.
15:50 of 1st period - Wrist shot by Patrik Elias.
15:50 of 1st period - Shot Blocked by Rickard Wallin.
15:52 of 1st period - Snap shot by Alexei Kovalev.
15:52 of 1st period - Stopped by Carey Price without a rebound.
15:53 of 1st period - David Legwand wins face-off versus Matt Stajan in Canucks zone.
15:54 of 1st period - Slapshot by Marcus Nilson.
15:54 of 1st period - Stopped by Carey Price with a rebound.
16:02 of 1st period - Slapshot by David Legwand.
16:02 of 1st period - Shot Misses the Net.
16:20 of 1st period - Backhand shot by Jan Hlavac.
16:20 of 1st period - Deflect By Glen Metropolit.
16:20 of 1st period - Stopped by Carey Price without a rebound.
16:21 of 1st period - Jiri Hudler wins face-off versus Mark Parrish in Canucks zone.
16:38 of 1st period - Jiri Hudler is hit by Mark Parrish and loses puck.
16:55 of 1st period - Snap shot by Patrik Elias.
16:55 of 1st period - Shot Misses the Net.
17:01 of 1st period - Snap shot by Clarke MacArthur.
17:01 of 1st period - Stopped by Miika Kiprusoff with a rebound.
18:03 of 1st period - Icing by Branislav Mezei.
18:04 of 1st period - Glen Metropolit wins face-off versus Rickard Wallin in Stars zone.
18:08 of 1st period - Off-side.
18:09 of 1st period - Mike Modano wins face-off versus Rickard Wallin in neutral zone.
18:11 of 1st period - Off-side.
18:12 of 1st period - Mike Modano wins face-off versus Rickard Wallin in neutral zone.
18:15 of 1st period - Snap shot by Patrik Elias.
18:15 of 1st period - Shot Misses the Net.
18:17 of 1st period - Slapshot by Mathieu Schneider.
18:17 of 1st period - Shot Misses the Net.
18:19 of 1st period - Wrist shot by Mike Modano.
18:19 of 1st period - Stopped by Carey Price without a rebound.
18:20 of 1st period - Matt Stajan wins face-off versus Mike Modano in Canucks zone.
18:25 of 1st period - Alexei Kovalev is hit by Mark Streit and loses puck.
18:54 of 1st period - Wrist shot by Marcus Nilson.
18:54 of 1st period - Deflect By Nathan Horton.
18:54 of 1st period - Shot Misses the Net.
18:54 of 1st period - Puck is out of play.
18:55 of 1st period - Jiri Hudler wins face-off versus David Legwand in Canucks zone.
18:55 of 1st period - Jiri Hudler is hit by David Legwand.
19:07 of 1st period - Slapshot by Marcus Nilson.
19:07 of 1st period - Stopped by Carey Price without a rebound.
19:08 of 1st period - Mike Modano wins face-off versus Matt Stajan in Canucks zone.
19:43 of 1st period - Snap shot by Daniel Paille.
19:43 of 1st period - Goal by Daniel Paille - Canucks : 1 - Stars : 0.
19:44 of 1st period - Matt Stajan wins face-off versus David Legwand in neutral zone.
19:59 of 1st period - Wrist shot by Matt Stajan.
19:59 of 1st period - Shot Misses the Net.
2nd period
0:01 of 2nd period - Mike Modano wins face-off versus Matt Stajan in neutral zone.
0:04 of 2nd period - Snap shot by Alexei Kovalev.
0:04 of 2nd period - Stopped by Carey Price with a rebound.
0:06 of 2nd period - Wrist shot by Mike Modano.
0:06 of 2nd period - Shot Misses the Net.
0:08 of 2nd period - Snap shot by Patrik Elias.
0:08 of 2nd period - Stopped by Carey Price with a rebound.
0:10 of 2nd period - Snap shot by Alexei Kovalev.
0:10 of 2nd period - Stopped by Carey Price with a rebound.
0:13 of 2nd period - Minor Penalty to Matt Stajan for Interference.
0:14 of 2nd period - Mike Modano wins face-off versus Jaromir Jagr in Canucks zone.
2:13 of 2nd period - Penalty to Matt Stajan is over, Matt Stajan is back on ice.
2:19 of 2nd period - Jiri Hudler is hit by Randy Jones and loses puck.
2:26 of 2nd period - Slapshot by Steve Rucchin.
2:26 of 2nd period - Deflect By Brad Isbister.
2:26 of 2nd period - Stopped by Carey Price without a rebound.
2:27 of 2nd period - Jan Hlavac wins face-off versus Rickard Wallin in Canucks zone.
2:52 of 2nd period - Evgeny Artyukhin is hit by Adam Burish and loses puck.
2:59 of 2nd period - Branislav Mezei is hit by Jaromir Jagr and loses puck.
4:06 of 2nd period - Scott Niedermayer is hit by Mathieu Schneider and loses puck.
4:42 of 2nd period - Icing by Ivan Majesky.
4:43 of 2nd period - Mike Modano wins face-off versus Erik Christensen in Stars zone.
5:38 of 2nd period - Snap shot by Evgeny Artyukhin.
5:38 of 2nd period - Shot Misses the Net.
5:56 of 2nd period - Snap shot by Clarke MacArthur.
5:56 of 2nd period - Stopped by Miika Kiprusoff without a rebound.
5:57 of 2nd period - Matt Stajan wins face-off versus Mike Modano in Stars zone.
6:06 of 2nd period - Wrist shot by Matt Stajan.
6:06 of 2nd period - Shot Misses the Net.
6:22 of 2nd period - Daniel Paille is hit by David Legwand and loses puck.
6:33 of 2nd period - Wrist shot by Daniel Paille.
6:33 of 2nd period - Deflect By David Jones.
6:33 of 2nd period - Stopped by Miika Kiprusoff without a rebound.
6:34 of 2nd period - Mike Modano wins face-off versus Matt Stajan in Stars zone.
7:21 of 2nd period - Mathieu Schneider is hit by David Jones and loses puck.
7:40 of 2nd period - Slapshot by Craig Rivet.
7:40 of 2nd period - Deflect By Mathieu Schneider.
7:40 of 2nd period - Stopped by Miika Kiprusoff without a rebound.
7:41 of 2nd period - Matt Stajan wins face-off versus Glen Metropolit in Stars zone.
7:44 of 2nd period - Wrist shot by Clarke MacArthur.
7:44 of 2nd period - Stopped by Miika Kiprusoff without a rebound.
7:45 of 2nd period - Matt Stajan wins face-off versus Mike Modano in Stars zone.
7:48 of 2nd period - Slapshot by Clarke MacArthur.
7:48 of 2nd period - Stopped by Miika Kiprusoff without a rebound.
7:49 of 2nd period - Mike Modano wins face-off versus Clarke MacArthur in Stars zone.
7:49 of 2nd period - Mike Modano is hit by Matt Stajan.
8:01 of 2nd period - Slapshot by Mark Streit.
8:01 of 2nd period - Shot Misses the Net.
8:03 of 2nd period - Snap shot by Matt Stajan.
8:03 of 2nd period - Shot Misses the Net.
8:05 of 2nd period - Slapshot by Matt Stajan.
8:05 of 2nd period - Stopped by Miika Kiprusoff without a rebound.
8:06 of 2nd period - Fabian Brunnstrom wins face-off versus Marcus Nilson in Stars zone.
8:22 of 2nd period - Wrist shot by David Legwand.
8:22 of 2nd period - Goal by David Legwand - Canucks : 1 - Stars : 1.
8:23 of 2nd period - Alexei Kovalev wins face-off versus Matt Stajan in neutral zone.
8:25 of 2nd period - Off-side.
8:26 of 2nd period - Matt Stajan wins face-off versus Mike Modano in neutral zone.
8:42 of 2nd period - Snap shot by Mathieu Schneider.
8:42 of 2nd period - Deflect By Mike Modano.
8:42 of 2nd period - Shot Misses the Net.
8:42 of 2nd period - Puck is out of play.
8:43 of 2nd period - Jiri Hudler wins face-off versus David Legwand in Canucks zone.
9:15 of 2nd period - Snap shot by Jaromir Jagr.
9:15 of 2nd period - Stopped by Miika Kiprusoff with a rebound.
9:27 of 2nd period - Wrist shot by David Jones.
9:27 of 2nd period - Shot Misses the Net.
9:29 of 2nd period - Slapshot by Craig Rivet.
9:29 of 2nd period - Shot Misses the Net.
9:31 of 2nd period - Snap shot by David Jones.
9:31 of 2nd period - Shot Misses the Net.
9:33 of 2nd period - Snap shot by Daniel Paille.
9:33 of 2nd period - Shot Misses the Net.
9:35 of 2nd period - Wrist shot by Rickard Wallin.
9:35 of 2nd period - Shot Misses the Net.
9:37 of 2nd period - Snap shot by David Jones.
9:37 of 2nd period - Deflect By Daniel Paille.
9:37 of 2nd period - Shot Misses the Net.
9:37 of 2nd period - Puck is out of play.
9:38 of 2nd period - Mike Modano wins face-off versus Matt Stajan in Stars zone.
9:49 of 2nd period - Wrist shot by Alexei Kovalev.
9:49 of 2nd period - Stopped by Carey Price without a rebound.
9:50 of 2nd period - Matt Stajan wins face-off versus Patrik Elias in Canucks zone.
9:50 of 2nd period - Matt Stajan is hit by Alexei Kovalev.
10:16 of 2nd period - Mark Streit is hit by David Legwand and loses puck.
10:21 of 2nd period - Snap shot by Marcus Nilson.
10:21 of 2nd period - Shot Misses the Net.
10:23 of 2nd period - Snap shot by Mathieu Schneider.
10:23 of 2nd period - Stopped by Carey Price without a rebound.
10:24 of 2nd period - David Legwand wins face-off versus Matt Stajan in Canucks zone.
10:25 of 2nd period - Snap shot by Marcus Nilson.
10:25 of 2nd period - Shot Blocked by Clarke MacArthur.
10:27 of 2nd period - Slapshot by Nathan Horton.
10:27 of 2nd period - Shot Blocked by Chris Campoli.
10:39 of 2nd period - Wrist shot by David Legwand.
10:39 of 2nd period - Stopped by Carey Price without a rebound.
10:40 of 2nd period - Mike Modano wins face-off versus Jiri Hudler in Canucks zone.
10:40 of 2nd period - Minor Penalty to Alexei Kovalev for Tripping.
10:41 of 2nd period - Mike Modano wins face-off versus Matt Stajan in Stars zone.
10:56 of 2nd period - Snap shot by Clarke MacArthur.
10:56 of 2nd period - Deflect By Jaromir Jagr.
10:56 of 2nd period - Shot Misses the Net.
10:56 of 2nd period - Puck is out of play.
10:57 of 2nd period - Mike Modano wins face-off versus Matt Stajan in Stars zone.
11:24 of 2nd period - Wrist shot by Fabian Brunnstrom.
11:24 of 2nd period - Shot Misses the Net.
11:26 of 2nd period - Wrist shot by Jiri Hudler.
11:26 of 2nd period - Goal by Jiri Hudler - Canucks : 2 - Stars : 1.
11:27 of 2nd period - Mike Modano wins face-off versus Matt Stajan in neutral zone.
11:32 of 2nd period - Jaromir Jagr is hit by Filip Novak and loses puck.
12:20 of 2nd period - Snap shot by Brad Isbister.
12:20 of 2nd period - Shot Misses the Net.
12:26 of 2nd period - Snap shot by Evgeny Artyukhin.
12:26 of 2nd period - Stopped by Carey Price with a rebound.
12:28 of 2nd period - Slapshot by Mathieu Schneider.
12:28 of 2nd period - Shot Misses the Net.
12:44 of 2nd period - Jaromir Jagr is hit by Jan Hlavac.
12:58 of 2nd period - Jaromir Jagr is hit by Mike Modano and loses puck.
13:09 of 2nd period - Snap shot by Jaromir Jagr.
13:09 of 2nd period - Shot Blocked by Alexei Kovalev.
13:11 of 2nd period - Slapshot by Craig Rivet.
13:11 of 2nd period - Stopped by Miika Kiprusoff without a rebound.
13:12 of 2nd period - David Legwand wins face-off versus Jiri Hudler in Stars zone.
13:17 of 2nd period - Snap shot by Marcus Nilson.
13:17 of 2nd period - Shot Hit the Post.
13:19 of 2nd period - Slapshot by Brendan Bell.
13:19 of 2nd period - Deflect By David Legwand.
13:19 of 2nd period - Goal by David Legwand - Canucks : 2 - Stars : 2.
13:20 of 2nd period - Mike Modano wins face-off versus Matt Stajan in neutral zone.
13:25 of 2nd period - Slapshot by Mathieu Schneider.
13:25 of 2nd period - Deflect By Patrik Elias.
13:25 of 2nd period - Shot Misses the Net.
13:25 of 2nd period - Puck is out of play.
13:26 of 2nd period - Matt Stajan wins face-off versus Mike Modano in Canucks zone.
15:27 of 2nd period - Nathan Horton is hit by Adam Burish and loses puck.
17:08 of 2nd period - Snap shot by Mike Modano.
17:08 of 2nd period - Shot Blocked by Craig Rivet.
17:10 of 2nd period - Slapshot by Filip Novak.
17:10 of 2nd period - Shot Blocked by Chris Campoli.
17:12 of 2nd period - Slapshot by Filip Novak.
17:12 of 2nd period - Deflect By Patrik Elias.
17:12 of 2nd period - Shot Misses the Net.
17:12 of 2nd period - Puck is out of play.
17:13 of 2nd period - Mike Modano wins face-off versus Jiri Hudler in Canucks zone.
17:40 of 2nd period - Craig Rivet is hit by Mathieu Schneider.
17:44 of 2nd period - Slapshot by Rickard Wallin.
17:44 of 2nd period - Stopped by Miika Kiprusoff with a rebound.
17:52 of 2nd period - Snap shot by David Jones.
17:52 of 2nd period - Shot Misses the Net.
18:27 of 2nd period - Slapshot by Mathieu Schneider.
18:27 of 2nd period - Deflect By Jan Hlavac.
18:27 of 2nd period - Shot Misses the Net.
18:27 of 2nd period - Puck is out of play.
18:28 of 2nd period - Glen Metropolit wins face-off versus Matt Stajan in Canucks zone.
18:33 of 2nd period - Slapshot by Mark Parrish.
18:33 of 2nd period - Shot Blocked by Mark Streit.
18:57 of 2nd period - Wrist shot by Mike Modano.
18:57 of 2nd period - Shot Misses the Net.
19:14 of 2nd period - Minor Penalty to Daniel Paille for Cross-checking.
19:15 of 2nd period - Jaromir Jagr wins face-off versus Mike Modano in Canucks zone.
19:15 of 2nd period - Jaromir Jagr is hit by Mike Modano.
19:25 of 2nd period - Slapshot by Mathieu Schneider.
19:25 of 2nd period - Deflect By Chris Campoli.
19:25 of 2nd period - Goal by Mathieu Schneider - Canucks : 2 - Stars : 3.
19:26 of 2nd period - Mike Modano wins face-off versus Matt Stajan in neutral zone.
19:35 of 2nd period - Slapshot by Scott Niedermayer.
19:35 of 2nd period - Shot Blocked by Filip Novak.
19:37 of 2nd period - Slapshot by Scott Niedermayer.
19:37 of 2nd period - Stopped by Miika Kiprusoff with a rebound.
19:51 of 2nd period - Jonas Hoglund is hit by David Legwand and loses puck.
3rd period
0:01 of 3rd period - Matt Stajan wins face-off versus Mike Modano in neutral zone.
0:09 of 3rd period - Backhand shot by Scott Niedermayer.
0:09 of 3rd period - Stopped by Miika Kiprusoff without a rebound.
0:10 of 3rd period - Mike Modano wins face-off versus Matt Stajan in Stars zone.
0:35 of 3rd period - Snap shot by Jaromir Jagr.
0:35 of 3rd period - Shot Blocked by Filip Novak.
0:37 of 3rd period - Wrist shot by Clarke MacArthur.
0:37 of 3rd period - Goal by Clarke MacArthur - Canucks : 3 - Stars : 3.
0:38 of 3rd period - Matt Stajan wins face-off versus Mike Modano in neutral zone.
0:48 of 3rd period - Wrist shot by Mike Modano.
0:48 of 3rd period - Stopped by Carey Price without a rebound.
0:49 of 3rd period - Patrik Elias wins face-off versus Matt Stajan in Canucks zone.
1:14 of 3rd period - Mathieu Schneider is hit by Jonas Hoglund and loses puck.
1:19 of 3rd period - Wrist shot by Jiri Hudler.
1:19 of 3rd period - Shot Blocked by Filip Novak.
1:35 of 3rd period - Slapshot by Chris Campoli.
1:35 of 3rd period - Stopped by Miika Kiprusoff with a rebound.
1:37 of 3rd period - Slapshot by Craig Rivet.
1:37 of 3rd period - Deflect By Steve Rucchin.
1:37 of 3rd period - Stopped by Miika Kiprusoff with a rebound.
1:44 of 3rd period - Icing by Randy Jones.
1:45 of 3rd period - Matt Stajan wins face-off versus Steve Rucchin in Stars zone.
1:58 of 3rd period - Snap shot by Brad Isbister.
1:58 of 3rd period - Shot Misses the Net.
2:10 of 3rd period - Wrist shot by Evgeny Artyukhin.
2:10 of 3rd period - Deflect By Steve Rucchin.
2:10 of 3rd period - Shot Misses the Net.
2:10 of 3rd period - Puck is out of play.
2:11 of 3rd period - Mike Modano wins face-off versus Jiri Hudler in Canucks zone.
3:06 of 3rd period - Slapshot by Evgeny Artyukhin.
3:06 of 3rd period - Stopped by Carey Price without a rebound.
3:07 of 3rd period - Mike Modano wins face-off versus Jiri Hudler in Canucks zone.
3:15 of 3rd period - Icing by Fabian Brunnstrom.
3:16 of 3rd period - Jiri Hudler wins face-off versus Mike Modano in Canucks zone.
3:38 of 3rd period - Icing by Jiri Hudler.
3:39 of 3rd period - David Legwand wins face-off versus Jiri Hudler in Canucks zone.
3:47 of 3rd period - Minor Penalty to Marcus Nilson for Hooking.
3:47 of 3rd period - Minor Penalty to Chris Campoli for Hooking.
3:48 of 3rd period - Mike Modano wins face-off versus Jaromir Jagr in Canucks zone.
3:59 of 3rd period - Slapshot by David Legwand.
3:59 of 3rd period - Shot Blocked by Mark Streit.
4:01 of 3rd period - Slapshot by Filip Novak.
4:01 of 3rd period - Deflect By Mike Modano.
4:01 of 3rd period - Shot Misses the Net.
4:01 of 3rd period - Puck is out of play.
4:02 of 3rd period - Mike Modano wins face-off versus Jaromir Jagr in Canucks zone.
4:13 of 3rd period - Snap shot by Mike Modano.
4:13 of 3rd period - Shot Misses the Net.
4:15 of 3rd period - Slapshot by Mathieu Schneider.
4:15 of 3rd period - Deflect By David Legwand.
4:15 of 3rd period - Shot Misses the Net.
4:15 of 3rd period - Puck is out of play.
4:16 of 3rd period - Mike Modano wins face-off versus Jaromir Jagr in Canucks zone.
5:06 of 3rd period - Clarke MacArthur is hit by Alexei Kovalev.
5:40 of 3rd period - David Jones is hit by Branislav Mezei and loses puck.
5:47 of 3rd period - Penalty to Marcus Nilson is over, Marcus Nilson is back on ice.
5:47 of 3rd period - Penalty to Chris Campoli is over, Chris Campoli is back on ice.
6:26 of 3rd period - Jaromir Jagr is hit by Mathieu Schneider and loses puck.
6:37 of 3rd period - David Jones is hit by Filip Novak.
6:38 of 3rd period - David Jones from Canucks is injured at 6:38 of 3rd period (Left Eye).
6:39 of 3rd period - Jaromir Jagr wins face-off versus Nathan Horton in Canucks zone.
6:39 of 3rd period - Jaromir Jagr is hit by David Legwand.
7:28 of 3rd period - Branislav Mezei is hit by Daniel Paille and loses puck.
8:17 of 3rd period - Snap shot by Marcus Nilson.
8:17 of 3rd period - Goal by Marcus Nilson - Canucks : 3 - Stars : 4.
8:18 of 3rd period - Matt Stajan wins face-off versus Mike Modano in neutral zone.
8:27 of 3rd period - Wrist shot by Patrik Elias.
8:27 of 3rd period - Shot Blocked by Chris Campoli.
8:43 of 3rd period - Nathan Horton is hit by Jiri Hudler and loses puck.
9:08 of 3rd period - Snap shot by Daniel Paille.
9:08 of 3rd period - Shot Misses the Net.
9:10 of 3rd period - Slapshot by Adam Burish.
9:10 of 3rd period - Shot Blocked by Brendan Bell.
9:12 of 3rd period - Wrist shot by Craig Rivet.
9:12 of 3rd period - Shot Misses the Net.
9:14 of 3rd period - Snap shot by Daniel Paille.
9:14 of 3rd period - Deflect By Adam Burish.
9:14 of 3rd period - Stopped by Miika Kiprusoff with a rebound.
9:16 of 3rd period - Slapshot by Craig Rivet.
9:16 of 3rd period - Shot Misses the Net.
9:18 of 3rd period - Snap shot by Daniel Paille.
9:18 of 3rd period - Deflect By Rickard Wallin.
9:18 of 3rd period - Shot Blocked by Brendan Bell.
9:18 of 3rd period - Puck is out of play.
9:19 of 3rd period - Mike Modano wins face-off versus Matt Stajan in Stars zone.
9:19 of 3rd period - Mike Modano is hit by Matt Stajan.
9:26 of 3rd period - Minor Penalty to Patrik Elias for Tripping.
9:26 of 3rd period - Minor Penalty to Matt Stajan for High sticking.
9:27 of 3rd period - Mike Modano wins face-off versus Jaromir Jagr in Stars zone.
10:08 of 3rd period - Snap shot by Clarke MacArthur.
10:08 of 3rd period - Goal by Clarke MacArthur - Canucks : 4 - Stars : 4.
10:09 of 3rd period - Jaromir Jagr wins face-off versus Mike Modano in neutral zone.
10:16 of 3rd period - Slapshot by Scott Niedermayer.
10:16 of 3rd period - Deflect By Jaromir Jagr.
10:16 of 3rd period - Shot Hit the Post.
10:16 of 3rd period - Puck is out of play.
10:17 of 3rd period - Jaromir Jagr wins face-off versus Mike Modano in Stars zone.
10:18 of 3rd period - Snap shot by Jonas Hoglund.
10:18 of 3rd period - Stopped by Miika Kiprusoff without a rebound.
10:19 of 3rd period - Jaromir Jagr wins face-off versus Mike Modano in Stars zone.
10:56 of 3rd period - Slapshot by Mike Modano.
10:56 of 3rd period - Stopped by Carey Price without a rebound.
10:57 of 3rd period - Jaromir Jagr wins face-off versus Mike Modano in Canucks zone.
11:10 of 3rd period - Wrist shot by Clarke MacArthur.
11:10 of 3rd period - Shot Blocked by Branislav Mezei.
11:12 of 3rd period - Wrist shot by Adam Burish.
11:12 of 3rd period - Goal by Adam Burish - Canucks : 5 - Stars : 4.
11:13 of 3rd period - Jaromir Jagr wins face-off versus Mike Modano in neutral zone.
11:22 of 3rd period - Wrist shot by Jaromir Jagr.
11:22 of 3rd period - Stopped by Miika Kiprusoff without a rebound.
11:23 of 3rd period - Mike Modano wins face-off versus Jaromir Jagr in Stars zone.
11:26 of 3rd period - Penalty to Patrik Elias is over, Patrik Elias is back on ice.
11:26 of 3rd period - Penalty to Matt Stajan is over, Matt Stajan is back on ice.
11:44 of 3rd period - Snap shot by Mike Modano.
11:44 of 3rd period - Shot Misses the Net.
11:58 of 3rd period - Snap shot by Mike Modano.
11:58 of 3rd period - Shot Misses the Net.
12:08 of 3rd period - Snap shot by Jonas Hoglund.
12:08 of 3rd period - Stopped by Miika Kiprusoff with a rebound.
12:10 of 3rd period - Wrist shot by Jaromir Jagr.
12:10 of 3rd period - Stopped by Miika Kiprusoff with a rebound.
12:12 of 3rd period - Slapshot by Jaromir Jagr.
12:12 of 3rd period - Shot Blocked by Mathieu Schneider.
12:14 of 3rd period - Slapshot by Mark Streit.
12:14 of 3rd period - Stopped by Miika Kiprusoff without a rebound.
12:15 of 3rd period - Steve Rucchin wins face-off versus Rickard Wallin in Stars zone.
12:26 of 3rd period - Wrist shot by Rickard Wallin.
12:26 of 3rd period - Stopped by Miika Kiprusoff with a rebound.
12:28 of 3rd period - Slapshot by Daniel Paille.
12:28 of 3rd period - Stopped by Miika Kiprusoff with a rebound.
12:30 of 3rd period - Slapshot by Janne Niskala.
12:30 of 3rd period - Stopped by Miika Kiprusoff with a rebound.
12:45 of 3rd period - Glen Metropolit is hit by Jonas Hoglund and loses puck.
13:28 of 3rd period - Janne Niskala is hit by Steve Rucchin and loses puck.
13:51 of 3rd period - Slapshot by Marcus Nilson.
13:51 of 3rd period - Shot Blocked by Rickard Wallin.
14:20 of 3rd period - Slapshot by Mike Modano.
14:20 of 3rd period - Shot Misses the Net.
15:59 of 3rd period - Icing by Mark Parrish.
16:00 of 3rd period - David Legwand wins face-off versus Erik Christensen in Stars zone.
16:05 of 3rd period - Scott Niedermayer is hit by Brendan Bell and loses puck.
16:33 of 3rd period - Off-side.
16:34 of 3rd period - Mike Modano wins face-off versus Rickard Wallin in neutral zone.
17:05 of 3rd period - Snap shot by Mathieu Schneider.
17:05 of 3rd period - Shot Misses the Net.
17:06 of 3rd period - Minor Penalty to Brad Isbister for Interference.
17:06 of 3rd period - Minor Penalty to Jonas Hoglund for Hooking.
17:07 of 3rd period - Mike Modano wins face-off versus Adam Burish in Canucks zone.
17:50 of 3rd period - Slapshot by Alexei Kovalev.
17:50 of 3rd period - Stopped by Carey Price with a rebound.
17:52 of 3rd period - Snap shot by Mathieu Schneider.
17:52 of 3rd period - Stopped by Carey Price with a rebound.
19:06 of 3rd period - Penalty to Brad Isbister is over, Brad Isbister is back on ice.
19:06 of 3rd period - Penalty to Jonas Hoglund is over, Jonas Hoglund is back on ice.
19:26 of 3rd period - Stars, Miika Kiprusoff is pulled from the net.
19:30 of 3rd period - Snap shot by Brad Isbister.
19:30 of 3rd period - Shot Misses the Net.
19:35 of 3rd period - Icing by Jaromir Jagr.
19:36 of 3rd period - Mike Modano wins face-off versus Jaromir Jagr in Canucks zone.
19:53 of 3rd period - Snap shot by Jaromir Jagr.
19:53 of 3rd period - Shot Misses the Net.
19:55 of 3rd period - Slapshot by Jaromir Jagr.
19:55 of 3rd period - Goal by Jaromir Jagr - Canucks : 6 - Stars : 4.
19:55 of 3rd period - Miika Kiprusoff from Stars was sent back in the game.
19:56 of 3rd period - Steve Rucchin wins face-off versus Matt Stajan in neutral zone.
19:58 of 3rd period - Off-side.
19:59 of 3rd period - Evgeny Artyukhin wins face-off versus Matt Stajan in neutral zone.
Output by the SimonT Hockey Simulator (STHS) for François Prévost -- Original Page W3C XHTML 1.0 Valid